Map: Hecate LE

Players

RizzeY

  • Race: Terran Terran
  • League: Master
  • Spawn Location: 7:00

Ritalin - Winner!

  • Race: Terran Terran
  • League: Master
  • Spawn Location: 1:00

VOD

Have the link to the VOD?

Description

Time

  • Played on: Dec. 11, 2023, 6:24 a.m.
  • Length: 7:16
Show
View Real Time Build Order
Export as new Build Order

RizzeY Terran 

Build Orders: Cyclone Opening 

Get SALT Encoding   

  12  0:00  SCV  
  13  0:12  SCV  
  14  0:16  Supply Depot  
  14  0:24  SCV  
  15  0:38  SCV  
  15  0:39  Barracks  
  16  0:46  Refinery  
  16  0:50  SCV  
  16  0:54  Refinery  
  17  1:02  SCV  
  18  1:14  SCV  
  19  1:28  Reaper  
  19  1:29  Orbital Command  
  19  1:32  Supply Depot  
  20  1:43  Factory  
  20  1:55  SCV  
  21  2:01  Reaper  
  21  2:07  SCV  
  23  2:13  Supply Depot  
  23  2:19  SCV  
  24  2:25  Command Center  
  24  2:31  SCV  
  25  2:37  Cyclone  
  25  2:43  SCV  
  28  2:44  Barracks Reactor  
  28  2:51  Starport  
  28  2:56  SCV  
  29  3:08  SCV  
  30  3:13  Refinery  
  30  3:20  SCV  
  30  3:26  Cyclone  
  35  3:27  Barracks Tech Lab, Cyclone  
  31  3:36  SCV  
  31  3:40  Orbital Command  
  33  3:48  SCV  
  33  3:58  Cyclone  
  33  3:59  Raven, Cyclone  
  33  4:00  SCV  
  40  4:05  Barracks Tech Lab  
  40  4:08  SCV  
  41  4:10  Supply Depot  
  41  4:12  SCV  
  41  4:14  Interference Matrix  
  42  4:20  SCV  
  43  4:24  SCV  
  40  4:32  SCV  
  40  4:35  Raven  
  40  4:36  Cyclone  
  40  4:37  SCV  
  46  4:44  SCV  
  47  4:49  Cyclone, SCV  
  47  4:50  Command Center  
  50  4:56  SCV  
  50  4:57  Marine  
  52  5:01  SCV  
  52  5:05  Barracks  
  53  5:07  Barracks  
  53  5:08  SCV  
  54  5:14  Raven  
  54  5:21  SCV  
  57  5:32  SCV  
  58  5:37  Engineering Bay  
  58  5:38  Siege Tank  
  58  5:39  SCV  
  58  5:40  Barracks Reactor, Engineering Bay  
  62  5:50  Supply Depot  
  62  5:51  Supply Depot  
  62  5:53  Supply Depot  
  62  5:54  Barracks Reactor  
  62  5:55  Barracks Reactor  
  62  6:02  Viking x2, SCV x2  
  62  6:04  Orbital Command  
  68  6:11  Supply Depot, Refinery  
  68  6:14  SCV x2  
  70  6:23  Marine  
  71  6:26  SCV  
  71  6:27  SCV  
  71  6:30  Barracks  
  71  6:32  Barracks  
  73  6:34  Marine  
  73  6:35  Supply Depot  
  73  6:36  Marine  
  73  6:37  Marine  
  73  6:38  SCV  
  77  6:40  Marine  
  77  6:41  Marine  
  51  6:54  SCV  
Show
View Real Time Build Order
Export as new Build Order

Ritalin Terran - Winner!

Build Orders: Cyclone Opening 

Get SALT Encoding   

  12  0:00  SCV  
  13  0:12  SCV  
  14  0:18  Supply Depot  
  14  0:24  SCV  
  15  0:39  SCV  
  15  0:40  Barracks  
  16  0:43  Refinery  
  16  0:51  SCV  
  16  0:53  Refinery  
  17  1:04  SCV  
  18  1:16  SCV  
  19  1:28  Orbital Command, Reaper  
  19  1:32  Supply Depot  
  20  1:40  Factory  
  20  1:54  SCV  
  21  2:00  Reaper  
  22  2:06  SCV  
  23  2:19  Command Center  
  23  2:20  SCV  
  24  2:27  Cyclone  
  26  2:32  SCV  
  26  2:35  Barracks Reactor  
  27  2:42  Starport  
  27  2:44  SCV  
  28  2:52  Supply Depot  
  28  2:56  SCV  
  29  3:10  SCV  
  30  3:14  Cyclone x2  
  30  3:19  Medivac  
  36  3:25  SCV  
  36  3:28  Refinery  
  35  3:35  Orbital Command  
  35  3:38  Barracks Tech Lab  
  35  3:42  SCV  
  35  3:46  Cyclone  
  35  3:47  Cyclone  
  40  3:52  Starport Tech Lab  
  40  3:54  SCV  
  41  4:01  SCV  
  42  4:05  Supply Depot  
  42  4:06  SCV  
  43  4:12  Raven, Interference Matrix  
  43  4:13  SCV  
  46  4:18  SCV  
  46  4:21  Supply Depot  
  47  4:25  SCV  
  47  4:30  Cyclone x2  
  47  4:31  SCV  
  53  4:37  SCV  
  54  4:43  SCV  
  55  4:46  Raven  
  55  4:49  SCV  
  58  4:54  Command Center  
  58  4:55  SCV  
  59  5:02  Cyclone, SCV  
  59  5:03  Cyclone  
  64  5:07  SCV  
  64  5:09  Supply Depot  
  64  5:12  Stimpack  
  64  5:14  SCV  
  66  5:19  SCV, Supply Depot  
  67  5:26  Raven, SCV  
  70  5:31  SCV  
  70  5:34  Barracks  
  71  5:36  Cyclone  
  71  5:37  Barracks  
  71  5:38  SCV  
  71  5:40  Cyclone  
  76  5:46  Supply Depot, SCV  
  76  5:47  Refinery  
  77  5:50  SCV  
  78  5:57  Engineering Bay x2  
  78  5:58  SCV  
  78  6:03  Supply Depot  
  79  6:06  Orbital Command  
  79  6:07  SCV  
  79  6:10  SCV  
  81  6:12  Starport Reactor  
  81  6:19  SCV  
  81  6:20  Supply Depot  
  81  6:22  SCV  
  83  6:25  Barracks Reactor  
  83  6:27  Barracks  
  83  6:30  Barracks  
  83  6:31  SCV  
  84  6:35  SCV  
  84  6:37  Siege Tank, Marine x3  
  91  6:42  Orbital Command  
  91  6:46  SCV  
  90  6:49  SCV  
  87  6:57  Supply Depot, Marine x3  
  87  6:59  Supply Depot  
  87  7:00  SCV  
  89  7:01  SCV  
Tags
 
Add a new tag
Caveats
  • Supply blocks, unpowered buildings, or Contaminate may cause inaccurate times.
  • Supply counts are checked every 10 seconds.